Map: King Sejong Station LE

Players

Gracz - Winner!

  • Race: Protoss Protoss
  • League: Bronze

Orca

  • Race: Terran Terran
  • League: Silver

VOD

Have the link to the VOD?

Description

Time

  • Played on: Aug. 28, 2016, 6:30 p.m.
  • Length: 19:07
Show
View Real Time Build Order
Export as new Build Order

Gracz Protoss - Winner!

Build Orders: Cannon Rush 

Get SALT Encoding   

  12  0:05  Probe (Chrono Boost)  
  13  0:16  Probe (Chrono Boost)  
  14  0:26  Pylon  
  14  0:27  Probe (Chrono Boost)  
  15  1:02  Forge  
  15  1:17  Pylon  
  15  1:25  Pylon  
  15  1:40  Photon Cannon  
  15  1:41  Photon Cannon  
  15  1:44  Photon Cannon  
  15  1:46  Photon Cannon  
  15  2:02  Photon Cannon  
  15  2:20  Pylon  
  14  2:35  Assimilator  
  14  2:39  Gateway  
  14  2:56  Probe (Chrono Boost)  
  14  2:57  Nexus  
  15  3:07  Probe (Chrono Boost)  
  16  3:17  Probe (Chrono Boost)  
  17  3:26  Pylon  
  17  3:32  Pylon  
  17  3:48  Probe (Chrono Boost)  
  18  3:55  Cybernetics Core  
  18  3:58  Probe (Chrono Boost)  
  19  4:09  Probe x2 (Chrono Boost)  
  21  4:19  Probe x2 (Chrono Boost)  
  23  4:30  Probe x2 (Chrono Boost)  
  25  4:32  Warp Gate  
  25  4:39  Assimilator  
  25  4:41  Probe (Chrono Boost)  
  25  4:43  Mothership Core (Chrono Boost)  
  28  4:51  Probe (Chrono Boost)  
  29  5:02  Probe (Chrono Boost)  
  29  5:06  Gateway  
  30  5:07  Gateway  
  30  5:12  Probe (Chrono Boost)  
  31  5:26  Probe (Chrono Boost)  
  32  5:36  Probe (Chrono Boost)  
  32  5:40  Stargate  
  33  5:48  Stargate  
  33  6:01  Probe (Chrono Boost)  
  34  6:04  Assimilator  
  34  6:06  Assimilator  
  34  6:12  Probe (Chrono Boost)  
  35  6:22  Probe (Chrono Boost)  
  35  6:23  Pylon  
  36  6:28  Pylon  
  36  6:34  Pylon  
  36  6:38  Probe (Chrono Boost)  
  37  6:45  Probe (Chrono Boost)  
  38  6:48  Probe (Chrono Boost)  
  38  6:53  Stargate  
  39  6:55  Stargate  
  39  6:58  Probe (Chrono Boost)  
  39  6:59  Probe (Chrono Boost)  
  39  7:00  Stargate  
  42  7:09  Probe (Chrono Boost)  
  42  7:10  Probe (Chrono Boost)  
  43  7:17  Fleet Beacon  
  43  7:20  Probe (Chrono Boost)  
  44  7:30  Probe (Chrono Boost)  
  44  7:33  Pylon  
  45  7:41  Probe (Chrono Boost)  
  46  7:46  Void Ray x2  
  46  7:50  Void Ray  
  58  8:06  Nexus  
  58  8:31  Twilight Council  
  58  8:32  Protoss Air Weapons Level 1  
  64  8:58  Stalker  
  64  8:59  Stalker  
  64  9:00  Stalker  
  70  9:09  Robotics Facility  
  70  9:15  Robotics Facility  
  70  9:26  Probe (Chrono Boost)  
  70  9:28  Assimilator  
  71  9:37  Assimilator, Probe (Chrono Boost)  
  72  9:43  Blink  
  72  9:45  Stalker x2  
  74  9:46  Stalker  
  74  9:47  Probe (Chrono Boost)  
  79  9:56  Gateway, Void Ray  
  79  9:58  Probe (Chrono Boost)  
  84  10:24  Void Ray x2  
  92  10:36  Gateway x2  
  92  10:41  Gateway  
  92  10:53  Stalker x2  
  92  10:54  Stalker  
  98  10:57  Warp Prism  
  98  10:59  Observer  
  101  11:19  Pylon  
  101  11:23  Pylon  
  101  11:37  Void Ray x2  
  109  11:40  Pylon  
  109  11:41  Void Ray x2  
  117  11:57  Void Ray  
  121  12:07  Pylon  
  121  12:15  Pylon  
  121  12:20  Pylon, Void Ray  
  125  12:23  Pylon  
  125  12:25  Void Ray x2  
  125  12:29  Pylon  
  133  12:33  Void Ray  
  136  12:59  Void Ray  
  136  13:02  Void Ray  
  144  13:08  Void Ray x2  
  144  13:10  Pylon  
  152  13:16  Void Ray  
  156  13:42  Void Ray  
  156  13:45  Void Ray  
  164  14:01  Stalker x2  
  164  14:02  Stalker x2  
  172  14:51  Pylon  
  172  14:53  Pylon x2  
  172  15:06  Nexus  
  172  15:09  Void Ray x2  
  172  15:11  Void Ray x3  
  172  15:12  Gateway  
  192  15:25  Assimilator  
  192  15:30  Assimilator  
  192  15:31  Pylon  
  192  15:34  Pylon  
  192  15:36  Pylon  
  192  15:44  Stalker  
  192  15:45  Stalker  
  196  15:50  Stalker  
  196  15:51  Stalker  
  182  16:14  Void Ray x4  
  179  17:06  Mothership Core (Chrono Boost)  
Show
View Real Time Build Order
Export as new Build Order

Orca Terran 

Build Orders:  

Get SALT Encoding   

  12  0:03  SCV  
  13  0:15  SCV  
  14  0:27  Supply Depot, SCV  
  15  0:49  SCV  
  16  0:51  Barracks  
  16  1:01  SCV  
  17  1:13  SCV  
  18  1:34  Refinery  
  18  1:41  Barracks  
  18  1:42  Barracks, Marine  
  17  2:19  Marine  
  11  2:37  Marine  
  11  2:39  SCV  
  13  2:46  Refinery  
  13  2:48  Marine  
  13  2:49  Marine  
  15  2:53  Orbital Command  
  15  3:27  Factory  
  15  3:34  Barracks Tech Lab x2  
  15  4:03  SCV  
  16  4:15  SCV  
  17  4:27  SCV  
  17  4:28  Factory Tech Lab  
  18  4:39  SCV  
  19  4:47  Siege Tank  
  19  4:51  SCV  
  23  4:57  Barracks Tech Lab  
  23  5:13  Supply Depot  
  23  5:34  Siege Tank, SCV  
  27  5:36  Supply Depot  
  27  5:47  SCV  
  28  5:58  Supply Depot  
  28  5:59  SCV  
  29  6:11  SCV  
  30  6:23  SCV  
  30  6:25  Marauder x3  
  37  6:35  SCV  
  37  6:37  Engineering Bay  
  38  6:47  SCV  
  39  7:00  Command Center  
  41  7:08  Marauder  
  41  7:09  Marauder x2  
  41  7:11  SCV  
  46  7:23  SCV  
  46  7:28  Supply Depot  
  47  7:45  Missile Turret  
  47  7:51  Supply Depot  
  47  8:01  Widow Mine  
  47  8:04  SCV  
  50  8:08  Missile Turret  
  50  8:16  SCV  
  50  8:17  Missile Turret  
  51  8:28  SCV  
  51  8:29  Widow Mine  
  54  8:36  Missile Turret  
  54  8:47  Planetary Fortress  
  54  8:54  SCV  
  55  8:57  Missile Turret  
  55  9:06  SCV  
  56  9:18  SCV  
  57  9:27  SCV  
  57  9:30  SCV  
  59  9:32  Missile Turret  
  59  9:39  SCV  
  59  9:42  SCV  
  61  9:51  SCV  
  62  9:53  Missile Turret  
  62  9:54  Starport  
  62  9:59  Starport  
  62  10:10  Refinery  
  62  10:14  Refinery  
  62  10:19  Missile Turret  
  62  10:22  SCV  
  63  10:34  SCV  
  64  10:36  Starport Reactor  
  64  10:37  Starport Reactor  
  64  10:41  Missile Turret  
  64  10:42  Starport  
  64  10:45  Starport  
  64  10:46  SCV  
  65  10:58  Supply Depot  
  65  11:17  SCV  
  66  11:25  Supply Depot  
  66  11:29  SCV  
  67  11:42  Starport Reactor x2  
  67  11:44  Viking x2  
  67  11:45  Viking x2  
  75  11:59  Marauder x2  
  75  12:00  Missile Turret, Marauder  
  81  12:11  Supply Depot  
  81  12:31  Viking x5  
  81  12:32  Viking x3  
  81  12:34  Supply Depot  
  97  12:44  Armory  
  97  13:01  Viking x5  
  97  13:02  Viking x3  
  97  13:05  Supply Depot  
  113  13:31  Missile Turret  
  113  13:34  Missile Turret  
  113  13:38  Viking  
  113  13:39  Viking x5  
  125  13:47  Supply Depot  
  125  13:57  Command Center  
  125  14:08  Viking x2  
  129  14:10  Supply Depot  
  129  14:50  Supply Depot  
  129  14:57  Viking x3  
  129  14:58  Viking x5  
  145  15:02  Terran Ship Weapons Level 1  
  145  15:09  Planetary Fortress  
  145  15:20  Missile Turret  
  145  15:38  Missile Turret  
  145  15:44  Supply Depot  
  141  16:08  Supply Depot  
  69  17:04  Viking x6  
  69  17:05  Viking x2  
  85  17:12  Terran Vehicle And Ship Armor Level 1  
  85  17:27  Refinery  
  81  17:34  Viking x6  
  81  17:35  Viking x2  
  49  18:21  Viking  
  49  18:22  Viking x5  
Tags
 
Add a new tag
Caveats
  • Supply blocks, unpowered buildings, or Contaminate may cause inaccurate times.
  • Supply counts are checked every 10 seconds.